 Dungeon Crawl Stone Soup version 0.30.1-8-g117510f58f (webtiles) character file.

Game seed: 16358259810912376136

41611 Wiggles the Severer (level 13, -13/124 HPs)
             Began as a Minotaur Berserker on Sept 23, 2023.
             Was a Believer of Okawaru.
             Mangled by a polar bear (20 damage)
             ... created by the rage of Trog
             ... on level 3 of the Lair of Beasts.
             The game lasted 00:33:05 (14603 turns).

Wiggles the Severer (Minotaur Berserker)           Turns: 14603, Time: 00:33:06

Health: -13/124    AC: 23    Str: 38    XL:     13   Next: 81%
Magic:  11/12      EV: 10    Int:  8    God:    Okawaru [**....]
Gold:   974        SH:  0    Dex: 11    Spells: 12/12 levels left

rFire   . . .        F - +5 battleaxe (freeze)
rCold   + + .        (shield currently unavailable)
rNeg    . . .        k - +0 plate armour
rPois   +            (helmet restricted)
rElec   +            I - +1 cloak {Stlth+}
rCorr   +            e - +0 pair of gloves
SInv    .            y - +1 pair of boots
Will    .....        S - amulet of Arhuq {Faith rC+ Str+5 Dex-2} Stlth
                     v - ring "Ociriaz" {rPois rC+ Str+4 Dex+2 Stlth+}
HPRegen 0.40/turn    d - ring "Ziekk" {rElec rCorr Str+3 Int+4}
MPRegen 0.13/turn

%: faith
@: slowed, studying 2 skills, very slow
A: horns 2, retaliatory headbutt
a: Renounce Religion, Heroism


You were on level 3 of the Lair of Beasts.
You worshipped Okawaru.
Okawaru was pleased with you.
You visited 3 branches of the dungeon, and saw 18 of its levels.
You also visited: Trove and Ossuary.

You collected 1244 gold pieces.
You spent 270 gold pieces at shops.

Inventory:

Hand Weapons
 F - a +5 battleaxe of freezing (weapon)
Missiles
 u - a throwing net (quivered)
Armour
 e - a +0 pair of gloves (worn)
 k - a +0 plate armour (worn)
 y - a +1 pair of boots (worn)
 I - a +1 cloak of stealth (worn)
Jewellery
 a - the ring of Descent {Ice Dex+3}
   (You found it in a treasure trove)

   [ring of ice]

   It enhances your ice magic.
   Dex:       It affects your dexterity (+3).
   rF:        It makes you vulnerable to fire.
   rC:        It protects you from cold.
 c - the ring "Derch" {+Blink rElec rF- rC+ rN+}
   (You found it in a treasure trove)

   [ring of positive energy]

   rF:        It makes you vulnerable to fire.
   rC:        It protects you from cold.
   rElec:     It insulates you from electricity.
   rN:        It protects you from negative energy.
   +Blink:    It lets you blink.
 d - the ring "Ziekk" (right hand) {rElec rCorr Str+3 Int+4}
   (You found it in a treasure trove)

   [ring of resist corrosion]

   Str:       It affects your strength (+3).
   Int:       It affects your intelligence (+4).
   rElec:     It insulates you from electricity.
   rCorr:     It protects you from acid and corrosion.
 j - the ring of Reimbursement {rN+ Int+5}
   (You found it in a treasure trove)

   [ring of positive energy]

   Int:       It affects your intelligence (+5).
   rN:        It protects you from negative energy.
 m - the ring "Isalakesh" {rF+ rC- rCorr Str+4}
   (You found it in a treasure trove)

   [ring of protection from fire]

   Str:       It affects your strength (+4).
   rF:        It protects you from fire.
   rC:        It makes you vulnerable to cold.
   rCorr:     It protects you from acid and corrosion.
 r - an amulet of regeneration
 v - the ring "Ociriaz" (left hand) {rPois rC+ Str+4 Dex+2 Stlth+}
   (You found it in a treasure trove)

   [ring of protection from cold]

   Str:       It affects your strength (+4).
   Dex:       It affects your dexterity (+2).
   rC:        It protects you from cold.
   rPois:     It protects you from poison.
   Stlth:     It makes you more stealthy.
 J - an amulet of faith
 K - a ring of poison resistance
 P - a +5 ring of evasion
 S - the amulet of Arhuq (around neck) {Faith rC+ Str+5 Dex-2}
   (You found it in a treasure trove)

   [amulet of faith]

   It allows you to gain divine favour quickly.
   Str:       It affects your strength (+5).
   Dex:       It affects your dexterity (-2).
   rC:        It protects you from cold.
 T - the ring "Cayc" {rPois rF- rC+ rCorr Str+6}
   (You found it in a treasure trove)

   [ring of strength]

   Str:       It affects your strength (+6).
   rF:        It makes you vulnerable to fire.
   rC:        It protects you from cold.
   rPois:     It protects you from poison.
   rCorr:     It protects you from acid and corrosion.
 V - a ring of see invisible
 X - a ring of resist corrosion
 Y - the amulet "Minkuliverr" {Spirit -Tele rN+ Regen+ Int+3}
   (You found it in a treasure trove)

   [amulet of guardian spirit]

   It causes incoming damage to be divided between your reserves of health and
   magic.
   Int:       It affects your intelligence (+3).
   rN:        It protects you from negative energy.
   -Tele:     It prevents most forms of teleportation.
   Regen:     It increases your rate of health regeneration.
 Z - an amulet of reflection
Wands
 l - a wand of polymorph (7)
 w - a wand of iceblast (5)
 C - a wand of flame (30)
 M - a wand of digging (1)
 Q - a wand of acid (5)
Scrolls
 f - a scroll of silence
 h - 5 scrolls of blinking
 n - 3 scrolls of vulnerability
 o - 4 scrolls of teleportation
 t - 3 scrolls of fear
 E - a scroll of identify
 G - a scroll of amnesia
 N - a scroll of poison
 O - a scroll of magic mapping
Potions
 b - 2 potions of lignification
 g - 2 potions of berserk rage
 i - 14 potions of curing
 p - 8 potions of might
 q - a potion of ambrosia
 s - 5 potions of cancellation
 x - 4 potions of heal wounds
 z - 2 potions of mutation
 A - a potion of resistance
 B - 2 potions of haste
 D - 2 potions of invisibility
 H - 3 potions of flight
Miscellaneous
 R - a phantom mirror


   Skills:
 + Level 14.0 Fighting
 + Level 20.4 Axes
 + Level 14.0 Armour
 + Level 4.0 Dodging
 + Level 1.6 Stealth
 + Level 2.1 Evocations


You had 12 spell levels left.
You didn't know any spells.
Your spell library contained the following spells:

 Spells                   Type           Power      Damage    Failure   Level
 Blade Hands              Tmut           0%         N/A       100%        5
 Iron Shot                Conj/Erth      0%         9d1       100%        6
 Animate Armour           Summ/Erth      Unusable   N/A       N/A         4

Dungeon Overview and Level Annotations

Branches:
Dungeon (14/15)            Temple (1/1) D:6            Lair (3/5) D:9
 Spider (0/4) Lair:2          Orc (0/2) D:12         Vaults (0/5) D:13
Ossuary (visited)
  Swamp: Lair:2-3    Shoals: Lair:2-3

Altars:
Ashenzari
Cheibriados
Dithmenos
Elyvilon
Fedhas
Gozag
Makhleb
Okawaru
Ru
Sif Muna
Trog
Uskayaw
Vehumet
Wu Jian
Xom
Yredelemnul
Zin
The Shining One
Jiyva

Shops:
D:9 [   D:11 [

Annotations:
D:14 Josephine


Innate Abilities, Weirdness & Mutations

You have a pair of horns on your head.
You reflexively headbutt those who attack you in melee.


Message History

The two-headed ogre barely misses you. You furiously retaliate!
You headbutt the two-headed ogre!
The two-headed ogre hits you with a +0 giant club!
The polar bear barely misses you. The polar bear misses you.
The polar bear claws you but does no damage.
The polar bear closely misses you. You furiously retaliate!
You headbutt the polar bear.
The polar bear claws you but does no damage.
The polar bear closely misses you.
The polar bear bites you but does no damage.
The polar bear closely misses you.
The polar bear claws you but does no damage.
The polar bear bites you but does no damage.
The polar bear claws you but does no damage.
The polar bear claws you. The polar bear closely misses you.
The polar bear claws you. The polar bear barely misses you.
The polar bear bites you.
* * * LOW HITPOINT WARNING * * *
The polar bear completely misses you.
The polar bear claws you but does no damage.
The polar bear bites you!
* * * LOW HITPOINT WARNING * * *
The polar bear barely misses you.
The polar bear claws you but does no damage.
You slice the two-headed ogre!! You freeze the two-headed ogre.
You kill the two-headed ogre!
That felt strangely unrewarding.
You hit the polar bear. You freeze the polar bear. You slash the polar bear!
You freeze the polar bear. You barely miss the polar bear.
You hit the polar bear but do no damage.
The polar bear closely misses you.
The polar bear claws you but does no damage. x2
The polar bear bites you but does no damage.
The polar bear barely misses you. The polar bear claws you.
* * * LOW HITPOINT WARNING * * *
The polar bear bites you!
* * * LOW HITPOINT WARNING * * *
The polar bear claws you but does no damage. x2
The polar bear bites you!!
You die...

#.#.#.....
.#......P#
.......!.<#
..........#
....#...#.#####
.........##...##
?.......#.....##
$##.....'...hh|#
###...'....@_#
#...'...h(h#
#.#..#.....##
##..†##...##
#...###### ##..#
##.# ###


You could see 4 polar bears.

Vanquished Creatures
  The ghost of Cuisch the Unseen, a journeyman KoBr of Wu Jian (Lair:3)
  A vault guard (D:13)
  A great orb of eyes (Lair:3)
  Erolcha (D:10)
  A hydra (Lair:2)
  An ogre mage (D:13)
  A centaur warrior (D:13)
  Erica (D:8)
  9 two-headed ogres
  4 death yaks (Lair:2)
  Sonja (D:10)
  A skyshark (Lair:2)
  A deep elf pyromancer (D:12)
  An ugly thing (D:11)
  2 cyclopes
  A manticore (D:12)
  2 torpor snails (Lair:2)
  2 black mambas
  Joseph (Lair:1)
  3 gargoyles
  5 cane toads (Lair:2)
  4 komodo dragons
  2 unseen horror zombies (D:9)
  3 unseen horrors
  2 rime drakes
  2 kobold demonologists
  A troll (Lair:2)
  2 polar bears (Lair:3)
  8 blink frogs
  4 dream sheep (Lair:2)
  6 slime creatures
  4 culicivoras (Lair:2)
  4 shadows
  6 spriggans (Lair:2)
  24 yaks
  A wraith (D:13)
  2 basilisks (Lair:2)
  5 wyverns
  7 vampire mosquitoes (D:13)
  3 steam dragons
  Menkaure (D:6)
  10 water moccasins
  5 orc warriors
  7 ogres
  5 black bears
  7 wolves (Lair:2)
  A boggart (D:12)
  3 centaurs
  2 phantoms
  4 kobold brigands
  8 bullfrogs
  4 scorpions
  16 wights
  3 killer bees (D:5)
  2 electric eels (D:12)
  5 howler monkeys
  4 hounds
  A centaur zombie (D:9)
  3 jellies
  Crazy Yiuf (D:2)
  2 gnoll boudas
  6 orc priests
  3 sleepcaps
  Jessica (D:2)
  2 iguanas
  19 orc wizards
  8 mummies (Ossuary)
  6 gnolls
  7 adders
  A shadow imp (D:7)
  A white imp (D:5)
  2 ufetubi
  55 orcs
  9 ball pythons
  7 endoplasms
  4 giant cockroaches
  7 goblins
  10 hobgoblins
  6 jackals
  2 quokkas
  11 bats
  2 frilled lizards
  A gnoll zombie (Ossuary)
  3 hobgoblin zombies (Ossuary)
  19 kobolds
  A kobold zombie (Ossuary)
  3 orc zombies (Ossuary)
  6 rats
427 creatures vanquished.

Vanquished Creatures (collateral kills)
  Urug (D:12)
  An orc knight (D:12)
  An acid dragon (D:10)
  An orc warrior (D:12)
  5 wights
  2 orc priests (D:12)
  5 orcs (D:12)
16 creatures vanquished.

Vanquished Creatures (others)
  An orc wizard (D:12)
1 creature vanquished.

Grand Total: 444 creatures vanquished

Notes
Turn   | Place    | Note
-------+----------+-------------------------------------------
     0 | D:1      | Wiggles the Minotaur Berserker began the quest for the Orb.
     0 | D:1      | Reached XP level 1. HP: 19/19 MP: 0/0
   108 | D:1      | You fall into a shaft and drop 1 floor!
   152 | D:2      | Reached XP level 2. HP: 24/27 MP: 1/1
   159 | D:2      | Reached skill level 4 in Axes
   254 | D:2      | Reached XP level 3. HP: 33/33 MP: 2/2
   254 | D:2      | Noticed Jessica
   274 | D:2      | Killed Jessica
   428 | D:2      | Found a runed translucent door.
   429 | D:2      | Noticed Crazy Yiuf
   437 | D:2      | Killed Crazy Yiuf
   438 | D:2      | Reached XP level 4. HP: 41/41 MP: 3/3
   611 | D:1      | Reached skill level 5 in Axes
   613 | D:1      | Reached ** piety under Trog
  1919 | D:3      | Reached XP level 5. HP: 44/47 MP: 4/4
  2274 | D:3      | Noticed an ogre
  2279 | D:3      | Killed an ogre
  2690 | D:3      | Reached skill level 6 in Axes
  2775 | D:4      | Noticed a phantom
  2785 | D:4      | Killed a phantom
  2786 | D:4      | Reached skill level 5 in Fighting
  2786 | D:4      | Reached XP level 6. HP: 45/56 MP: 5/5
  3174 | D:4      | Reached skill level 7 in Axes
  3277 | D:4      | Reached *** piety under Trog
  3336 | D:4      | Reached XP level 7. HP: 61/61 MP: 6/6
  3495 | D:5      | Entered Level 5 of the Dungeon
  3598 | D:5      | Reached skill level 5 in Armour
  3660 | D:5      | Reached skill level 8 in Axes
  3809 | D:5      | Reached XP level 8. HP: 70/70 MP: 7/7
  3846 | D:5      | Found a sand-covered staircase.
  3854 | Ossuary  | Entered an ossuary
  3872 | Ossuary  | Reached **** piety under Trog
  4322 | D:6      | Reached skill level 9 in Axes
  4399 | D:6      | Noticed Menkaure
  4404 | D:6      | Killed Menkaure
  4454 | D:6      | Reached skill level 10 in Axes
  4684 | D:6      | Reached skill level 11 in Axes
  4684 | D:6      | Reached XP level 9. HP: 76/79 MP: 8/8
  4832 | D:6      | Found a staircase to the Ecumenical Temple.
  5115 | D:7      | Reached ***** piety under Trog
  5276 | D:7      | Noticed a two-headed ogre
  5283 | D:7      | Killed a two-headed ogre
  5284 | D:7      | Reached skill level 12 in Axes
  5891 | D:8      | Noticed Erica
  5895 | D:8      | Killed Erica
  5896 | D:8      | Reached skill level 13 in Axes
  5954 | D:8      | Reached XP level 10. HP: 90/90 MP: 9/9
  6345 | D:8      | Found a blossoming altar of Fedhas.
  6469 | D:8      | Found a broken altar of Ashenzari.
  6629 | D:9      | Reached skill level 14 in Axes
  6719 | D:9      | Received a gift from Trog
  6723 | D:9      | Reached skill level 15 in Axes
  6785 | D:9      | Found Ipurhoc's Antique Armour Shoppe.
  6787 | D:9      | Identified the +4 robe "Wionokhlo" {Harm}
  6793 | D:9      | Bought an embroidered cloak for 270 gold pieces
  6821 | D:9      | Found a staircase to the Lair.
  6890 | D:9      | Noticed a two-headed ogre
  6898 | D:9      | Killed a two-headed ogre
  6899 | D:9      | Reached skill level 10 in Fighting
  6899 | D:9      | Reached XP level 11. HP: 73/99 MP: 10/10
  7256 | D:10     | Entered Level 10 of the Dungeon
  7430 | D:10     | Noticed Sonja
  7451 | D:10     | Killed Sonja
  7472 | D:10     | Reached skill level 16 in Axes
  7510 | D:10     | Reached skill level 10 in Armour
  7650 | D:10     | Noticed Erolcha
  7658 | D:10     | Killed Erolcha
  8279 | D:11     | Noticed a purple ugly thing
  8287 | D:11     | Killed a purple ugly thing
  8418 | D:11     | Found Tailou's Armour Shop.
  8535 | D:11     | Noticed a sun demon
  8704 | D:12     | Reached skill level 1 in Stealth
  8755 | D:12     | Noticed a two-headed ogre
  8763 | D:12     | Killed a two-headed ogre
  8764 | D:12     | Reached skill level 17 in Axes
  8800 | D:12     | Noticed an orc knight
  8806 | D:12     | Killed an orc knight
  8809 | D:12     | Noticed Urug
  8814 | D:12     | Found a staircase to the Orcish Mines.
  8814 | D:12     | Killed Urug
  9038 | D:12     | Reached XP level 12. HP: 105/110 MP: 11/11
  9072 | D:12     | Noticed a two-headed ogre
  9087 | D:12     | Killed a two-headed ogre
  9574 | D:13     | Reached skill level 1 in Evocations
  9617 | D:13     | Noticed a two-headed ogre
  9617 | D:13     | Noticed a two-headed ogre
  9617 | D:13     | Noticed an ogre mage
  9618 | D:13     | Noticed a two-headed ogre
  9624 | D:13     | Killed a two-headed ogre
  9625 | D:13     | Reached skill level 18 in Axes
  9627 | D:13     | Killed a two-headed ogre
  9630 | D:13     | Noticed a two-headed ogre
  9630 | D:13     | Killed a two-headed ogre
  9636 | D:13     | Killed an ogre mage
  9643 | D:13     | Killed a two-headed ogre
  9781 | D:13     | Received a gift from Trog
  9991 | D:13     | Noticed a centaur warrior
 10013 | D:13     | Killed a centaur warrior
 10121 | D:13     | Found a portal to a secret trove of treasure.
 10158 | Trove    | Entered a treasure trove
 10165 | Trove    | Identified the amulet of Arhuq {Faith rC+ Str+5 Dex-2}
 10167 | Trove    | Identified the ring "Cayc" {rPois rF- rC+ rCorr Str+6}
 10177 | Trove    | Identified the amulet "Minkuliverr" {Spirit -Tele rN+
                  | Regen+ Int+3}
 10181 | Trove    | Identified the ring "Ociriaz" {rPois rC+ Str+4 Dex+2
                  | Stlth+}
 10182 | Trove    | Identified the ring "Isalakesh" {rF+ rC- rCorr Str+4}
 10183 | Trove    | Identified the ring of Reimbursement {rN+ Int+5}
 10186 | Trove    | Identified the ring "Ziekk" {rElec rCorr Str+3 Int+4}
 10187 | Trove    | Identified the ring "Derch" {+Blink rElec rF- rC+ rN+}
 10188 | Trove    | Identified the ring of Descent {Ice Dex+3}
 10460 | D:13     | Found a gate to the Vaults.
 10460 | D:13     | Noticed a vault guard
 10464 | D:13     | Killed a vault guard
 10757 | D:14     | Noticed Josephine
 11012 | Lair:1   | Entered Level 1 of the Lair of Beasts
 11025 | Lair:1   | Noticed Joseph
 11032 | Lair:1   | Killed Joseph
 11033 | Lair:1   | Reached skill level 19 in Axes
 11722 | Lair:2   | Noticed a death yak
 11722 | Lair:2   | Noticed a death yak
 11722 | Lair:2   | Noticed a death yak
 11724 | Lair:2   | Noticed a death yak
 11730 | Lair:2   | Killed a death yak
 11733 | Lair:2   | Killed a death yak
 11734 | Lair:2   | Reached XP level 13. HP: 102/119 MP: 12/12
 12139 | Lair:2   | Found a hole to the Spider Nest.
 12647 | D:8      | Found a burning altar of Makhleb.
 12650 | D:8      | Found a radiant altar of Vehumet.
 12917 | Temple   | Entered the Ecumenical Temple
 13044 | Temple   | Fell from the grace of Trog
 13044 | Temple   | Became a worshipper of Warmaster Okawaru
 13474 | Lair:2   | Reached skill level 20 in Axes
 13479 | Lair:2   | Reached * piety under Okawaru
 13638 | Lair:2   | Reached ** piety under Okawaru
 14542 | Lair:3   | Found a runed translucent gate.
 14542 | Lair:3   | Found a runed translucent gate.
 14542 | Lair:3   | Found a viscous altar of Jiyva.
 14542 | Lair:3   | Found a runed translucent gate.
 14542 | Lair:3   | Noticed Cuisch's ghost (journeyman KoBr)
 14582 | Lair:3   | Killed Cuisch's ghost
 14603 | Lair:3   | Mangled by a polar bear

Illustrated notes

Levels and vault maps discovered:
D:1:      dreamdust_arrival_sigmund_warning, layout_basic,
          minmay_misc_feat_cross
D:2:      layout_loops_ring, kennysheep_minor_cross, uniq_jessica,
          uniq_crazy_yiuf_cottage
D:3:      layout_basic
D:4:      layout_loops_cross
D:5:      layout_cave_pools, chequers_ossuary_entry_cave,
          nicolae_elevator_lobby_plus
D:6:      layout_gridville, minmay_temple_entry_poolview, uniq_menkaure
D:7:      layout_basic, kennysheep_generic_room_5
D:8:      layout_basic, overflow_temple_1_default,
          nicolae_overflow_hidden_temple, serial_corexii_hall,
          corexii_hall_statues_deadend, corexii_hall_statues_l,
          chequers_hall_statues_y, corexii_hall_statues_x, uniq_erica
D:9:      layout_cave_pools, david_lair_shrubbed, serial_undead,
          serial_undead_c, serial_undead_c, serial_undead_b, serial_undead_b,
          serial_shops, shop
D:10:     layout_basic, uniq_erolcha, uniq_sonja
D:11:     layout_rooms, serial_shops, kennysheep_mini_moat
D:12:     layout_roguey, erik_orc_2, kennysheep_generic_room_10, uniq_urug
D:13:     layout_roguey, david_vaults_5, nicolae_trove_entry_columns,
          grunt_decor_one_mirror
D:14:     layout_cave_pools, serial_glass, glass_columns_c, glass_columns_a,
          nrook_mini_backslash, bloody_trog, uniq_josephine
Temple:   dpeg_five_rooms_temple
Lair:1:   layout_cave_pods, lemuel_fruit_tree, uniq_joseph
Lair:2:   nzn_winding_woodlands_cross [nzn_winding_woodlands_5x15_zeroes,
          nzn_winding_woodlands_5x15_concentric,
          nzn_winding_woodlands_5x15_parted, nzn_winding_woodlands_5x15_twine,
          nzn_winding_woodlands_15x15_killbox], layout_loops_ring,
          hellmonk_spider_entry_life_and_decay, wad_woods_01
Lair:3:   layout_misc_corridors, minmay_shoals_entry_lonely_mermaid,
          gammafunk_ghost_ooze, infiniplex_staircase_pool

Skill      XL: |  1  2  3  4  5  6  7  8  9 10 11 12 13 |
---------------+----------------------------------------+-----
Axes           | 4 5 6 7 8 11 13 15 17 19 20 | 20.4
Fighting       | 4 5 6 7 8 10 11 12 14 | 14.0
Armour         | 3 4 6 7 8 9 10 12 14 | 14.0
Dodging        | 3 4 |  4.0
Stealth        | 1 |  1.6
Evocations     | 2 |  2.1

Action                     |  1- 3 |  4- 6 |  7- 9 | 10-12 | 13-15 || total
---------------------------+-------+-------+-------+-------+-------++-------
  Melee: Hand axe          |    29 |    49 |       |       |       ||    78
         Headbutt          |     2 |    20 |    36 |    50 |    22 ||   130
         War axe           |       |    80 |   122 |       |       ||   202
         Punch             |       |     1 |     2 |       |       ||     3
         Battleaxe         |       |       |    54 |   300 |   176 ||   530
 Invoke: Berserk           |     3 |     1 |     3 |     8 |       ||    15
         Brothers in Arms  |       |       |       |     3 |       ||     3
         Heroism           |       |       |       |       |     2 ||     2
  Evoke: Wand              |       |       |       |    12 |       ||    12
    Use: Scroll            |       |       |    20 |     9 |       ||    29
         Potion            |       |       |       |     2 |       ||     2
 Armour: Scale mail        |    16 |    18 |       |       |       ||    34
         Plate armour      |       |    61 |   130 |   226 |   152 ||   569
  Dodge: Dodged            |    31 |    65 |    99 |   145 |   106 ||   446
